 Dungeon Crawl Stone Soup version 0.31.0-32-g396128a36d (webtiles) character file.

Game seed: 13675664792787690350

799 Mique the Magician (level 7, -2/36 HPs)
             Began as a Deep Elf Fire Elementalist on Apr 10, 2024.
             Slain by an ogre
             ... wielding a +0 giant club
              (14 damage)
             ... on level 5 of the Dungeon.
             The game lasted 00:15:07 (6527 turns).

Mique the Magician (Deep Elf Fire Elementalist)     Turns: 6527, Time: 00:15:08

Health: -2/36      AC:  3    Str:  5    XL:     7   Next: 59%
Magic:  2/19       EV: 13    Int: 22    God:
Gold:   267        SH:  5    Dex: 21    Spells: 14/20 levels left

rFire   . . .        (no weapon)
rCold   + . .        (no shield)
rNeg    + . .        x - +1 robe {rC+}
rPois   .            (no helmet)
rElec   .            (no cloak)
rCorr   .            (no gloves)
SInv    .            (no boots)
Will    .....        w - amulet of reflection
Stlth   +++          g - +6 ring of dexterity
HPRegen 0.26/turn    d - ring of positive energy
MPRegen 0.16/turn

%: reflection
@: no status effects
A: no striking features
a: no special abilities


You were on level 5 of the Dungeon.
You visited 1 branch of the dungeon, and saw 5 of its levels.

You collected 267 gold pieces.

Inventory:

Armour
 a - a +0 robe
 p - a +2 robe of positive energy
 x - a +1 robe of cold resistance (worn)
Jewellery
 d - a ring of positive energy (right hand)
 g - a +6 ring of dexterity (left hand)
 l - an amulet of faith
 v - a +6 ring of strength
 w - an amulet of reflection (around neck)
Wands
 f - a wand of flame (25)
 j - a wand of paralysis (9)
 r - a wand of polymorph (10)
Scrolls
 c - a scroll of teleportation
 e - 2 scrolls of identify
 i - a scroll of poison
 m - 2 scrolls of enchant armour
 q - a scroll of fog
 s - a scroll of amnesia
 y - a scroll of enchant weapon
Potions
 b - 2 potions of magic
 h - 2 potions of lignification
 k - a potion of degeneration
 n - 2 potions of ambrosia
 o - 3 potions of heal wounds
 t - a potion of might


   Skills:
 - Level 2.5 Dodging
 - Level 2.5 Stealth
 + Level 7.1 Spellcasting
 + Level 5.3 Conjurations
 + Level 6.2 Fire Magic


You had 14 spell levels left.
You knew the following spells:

 Your Spells              Type           Power      Damage    Failure   Level
a - Foxfire               Conj/Fire      100%       2x1d9     1%          1
b - Scorch                Fire           70%        2d7       1%          2
c - Inner Flame           Hex/Fire       21%        N/A       7%          3

Your spell library contained the following spells:

 Spells                   Type           Power      Damage    Failure   Level
 Sting                    Conj/Alch      76%        1d7       2%          1
 Volatile Blastmotes      Fire/Tloc      42%        2d13      7%          3
 Flame Wave               Conj/Fire      33%        2d10      8%          4
 Apportation              Tloc           14%        N/A       9%          1
 Necrotise                Necr           28%        1d5       9%          1
 Summon Small Mammal      Summ           28%        N/A       9%          1


Dungeon Overview and Level Annotations

Branches:
Dungeon (5/15)
 Temple: D:4-7

Altars:
Uskayaw

Shops:
D:2 (


Message History

You hear a bark!
The foxfire hits the orc priest!
The orc priest is burned terribly!
You kill the orc priest!
A hound comes into view.
You conjure some foxfire!
Casting: Foxfire (safe; 1% risk of failure)
Confirm with . or Enter, or press ? or * to list all spells.
Flames lash the hound.
The hound is severely wounded.
The hound's fire resistance burns away.
The foxfire hits the hound but does no damage.
The hound is severely wounded.
The hound misses you.
Casting: Scorch (safe; 1% risk of failure)
Confirm with . or Enter, or press ? or * to list all spells.
Flames lash the hound.
The hound is burned terribly!
You kill the hound!
An orc comes into view. It is wielding a +0 short sword.
An orc is nearby!
You conjure some foxfire!
Casting: Foxfire (safe; 1% risk of failure)
Confirm with . or Enter, or press ? or * to list all spells.
Flames lash the orc.
You kill the orc!
Your foxfire dissipates!
An ogre is nearby!
Casting: Scorch (safe; 1% risk of failure)
Confirm with . or Enter, or press ? or * to list all spells.
Flames lash the ogre.
The ogre shouts!
The ogre is moderately wounded.
The ogre's fire resistance burns away.
Casting: Scorch (safe; 1% risk of failure)
Confirm with . or Enter, or press ? or * to list all spells.
Flames lash the ogre.
The ogre is burned terribly!
The ogre is almost dead.
The ogre hits you with a +0 giant club!!
Ouch! That really hurt!
The ogre hits you with a +0 giant club!
You die...

#.......##.##.#
###.....##.#.#
...###.........##
#..............#
#.###..##.#####.#
#..##.####
#..##....#
#..#####O# #..#
#@# .... #.# #...
#.# #)# ..) ...
#.# #.#


You could see an ogre (combustible).

Vanquished Creatures
  Grinder (D:3)
  A scorpion (D:4)
  2 wights (D:4)
  A jelly (D:4)
  3 orc priests
  A hound (D:5)
  Jessica (D:2)
  Ijyb (D:3)
  An iguana (D:4)
  3 gnolls (D:4)
  11 adders
  2 ufetubi (D:5)
  A dart slug (D:4)
  6 orcs
  3 bats
  4 endoplasms
  6 giant cockroaches
  7 goblins
  5 hobgoblins
  6 jackals
  3 kobolds
  A quokka (D:1)
  6 ball pythons
  10 frilled lizards
  3 rats
89 creatures vanquished.

Vanquished Creatures (collateral kills)
  2 foxfires (D:2)
2 creatures vanquished.

Vanquished Creatures (others)
  421 foxfires
421 creatures vanquished.

Grand Total: 512 creatures vanquished

Notes
Turn   | Place    | Note
-------+----------+-------------------------------------------
     0 | D:1      | Mique the Deep Elf Fire Elementalist began the quest for
                  | the Orb.
     0 | D:1      | Reached XP level 1. HP: 10/10 MP: 6/6
   615 | D:1      | Reached XP level 2. HP: 15/15 MP: 5/8
   648 | D:1      | Learned a level 2 spell: Scorch
  1804 | D:2      | Noticed Jessica
  1811 | D:2      | Reached XP level 3. HP: 19/19 MP: 2/10
  1815 | D:2      | Killed Jessica
  1816 | D:2      | Reached skill level 4 in Spellcasting
  2281 | D:2      | Reached XP level 4. HP: 24/24 MP: 9/12
  2404 | D:2      | Found Rarhee's Weapon Shop.
  2853 | D:2      | Learned a level 3 spell: Inner Flame
  3002 | D:3      | Noticed Grinder
  3012 | D:3      | Killed Grinder
  3013 | D:3      | Reached skill level 5 in Spellcasting
  3013 | D:3      | Reached skill level 5 in Fire Magic
  3013 | D:3      | Reached XP level 5. HP: 12/28 MP: 4/14
  3217 | D:3      | Reached XP level 6. HP: 32/32 MP: 13/16
  3529 | D:3      | Noticed Ijyb
  3539 | D:3      | Killed Ijyb
  4428 | D:4      | Reached skill level 6 in Spellcasting
  5061 | D:4      | Found a hide-covered altar of Uskayaw.
  5061 | D:4      | Noticed a +0 hand axe
  5062 | D:4      | Noticed a +0 dagger
  5111 | D:4      | Reached XP level 7. HP: 36/36 MP: 15/18
  6065 | D:4      | Reached skill level 5 in Conjurations
  6425 | D:5      | Entered Level 5 of the Dungeon
  6501 | D:5      | Reached skill level 7 in Spellcasting
  6527 | D:5      | Slain by an ogre

Illustrated notes

Levels and vault maps discovered:
D:1:      ebering_trefoil_twist, layout_loops_corners, serial_bayou_pond_d,
          minmay_lizard_king
D:2:      cheibrodos_old_hovel, layout_basic, serial_shops,
          nicolae_shop_hallway_plus, uniq_jessica
D:3:      layout_loops_ring, uniq_ijyb, uniq_grinder
D:4:      layout_basic, dancing_weapons_uskayaw, minmay_snake_closets
D:5:      layout_loops_ring, grunt_decor_arrowhead

Skill      XL: |  1  2  3  4  5  6  7 |
---------------+----------------------+-----
Spellcasting   | 4 5 6 7 |  7.1
Conjurations   | 2 3 4 5 |  5.3
Fire Magic     | 4 5 6 |  6.2
Dodging        | |  2.5
Stealth        | |  2.5

Action                     |  1- 3 |  4- 6 |  7- 9 || total
---------------------------+-------+-------+-------++-------
  Melee: Unarmed           |    15 |       |       ||    15
   Cast: Foxfire           |   101 |   118 |    66 ||   285
         Scorch            |     4 |    16 |    15 ||    35
    Use: Scroll            |       |    12 |     5 ||    17
 Armour: Robe              |    14 |    15 |     6 ||    35
  Dodge: Dodged            |    27 |    28 |     5 ||    60
